Map: Ruins of Seras

Players

ReacH

  • Race: Protoss Protoss
  • League: Diamond

Orion - Winner!

  • Race: Protoss Protoss
  • League: Master

VOD

Have the link to the VOD?

Description

Time

  • Played on: March 10, 2016, 7:26 p.m.
  • Length: 4:58
Show
View Real Time Build Order
Export as new Build Order

ReacH Protoss 

Build Orders:  

Get SALT Encoding   

  12  0:01  Probe (Chrono Boost)  
  13  0:12  Probe (Chrono Boost)  
  14  0:19  Pylon  
  14  0:23  Probe (Chrono Boost)  
  15  0:37  Probe (Chrono Boost)  
  15  0:38  Gateway  
  16  0:48  Probe (Chrono Boost)  
  16  0:49  Assimilator  
  17  0:58  Probe (Chrono Boost)  
  18  1:07  Gateway  
  18  1:09  Probe (Chrono Boost)  
  19  1:19  Probe (Chrono Boost)  
  20  1:29  Cybernetics Core  
  20  1:30  Probe (Chrono Boost)  
  22  1:53  Nexus  
  21  2:00  Pylon  
  21  2:06  Adept  
  23  2:09  Warp Gate (Chrono Boost)  
  23  2:18  Adept  
  25  2:26  Mothership Core  
  27  2:34  Pylon  
  27  2:36  Adept  
  29  2:50  Adept  
  31  2:54  Probe, Pylon  
  32  3:03  Adept  
  34  3:06  Probe x2  
  36  3:16  Probe, Assimilator  
  37  3:22  Gateway  
  37  3:29  Assimilator  
  37  3:34  Pylon  
  37  3:42  Pylon  
  33  3:49  Mothership Core  
  33  4:09  Stalker  
  35  4:10  Stalker  
  35  4:11  Probe  
  35  4:13  Probe  
  37  4:27  Pylon  
  37  4:28  Stalker  
  37  4:39  Stalker  
  38  4:47  Stalker  
Show
View Real Time Build Order
Export as new Build Order

Orion Protoss - Winner!

Build Orders:  

Get SALT Encoding   

  12  0:00  Probe (Chrono Boost)  
  13  0:11  Probe (Chrono Boost)  
  14  0:18  Pylon  
  14  0:22  Probe (Chrono Boost)  
  15  0:36  Probe (Chrono Boost)  
  15  0:38  Gateway  
  16  0:46  Assimilator  
  16  0:47  Probe (Chrono Boost)  
  17  0:57  Probe (Chrono Boost)  
  17  1:01  Gateway  
  18  1:08  Probe (Chrono Boost)  
  19  1:13  Assimilator  
  20  1:18  Probe (Chrono Boost)  
  20  1:29  Cybernetics Core  
  20  1:31  Probe (Chrono Boost)  
  21  1:36  Pylon  
  21  1:42  Assimilator  
  21  1:52  Probe (Chrono Boost)  
  22  2:03  Probe (Chrono Boost)  
  22  2:08  Stalker x2  
  27  2:11  Warp Gate (Chrono Boost)  
  27  2:37  Stalker, Pylon  
  27  2:38  Stalker  
  31  3:07  Stalker  
  31  3:08  Stalker  
  31  3:11  Robotics Facility  
  35  3:19  Gateway  
  35  3:29  Gateway  
  35  3:41  Pylon  
  29  4:10  Stalker x2  
  29  4:11  Immortal (Chrono Boost)  
  37  4:22  Stalker  
  39  4:28  Stalker  
  41  4:43  Stalker  
  41  4:45  Stalker  
Tags
 
Add a new tag
Caveats
  • Supply blocks, unpowered buildings, or Contaminate may cause inaccurate times.
  • Supply counts are checked every 10 seconds.